Map: Kairos Junction LE

Players

Probe - Winner!

  • Race: Protoss Protoss
  • Spawn Location: 11:00

Cloudy

  • Race: Protoss Protoss
  • Spawn Location: 5:00

Event: 2019 WCS Spring

VOD

Have the link to the VOD?

Description

Time

  • Played on: May 17, 2019, 2:18 p.m.
  • Length: 8:20

All games in this series

Show
View Real Time Build Order
Export as new Build Order

Probe Protoss - Winner!

Build Orders: Phoenix Opening 

Get SALT Encoding   

  12  0:00  Probe  
  13  0:12  Probe  
  14  0:18  Pylon  
  14  0:24  Probe  
  15  0:32  Probe  
  15  0:38  Gateway  
  15  0:40  Probe  
  16  0:46  Assimilator  
  17  0:51  Probe  
  17  0:55  Assimilator  
  18  1:00  Probe  
  19  1:08  Probe, Gateway  
  19  1:17  Probe  
  21  1:25  Cybernetics Core  
  21  1:29  Probe  
  22  1:33  Pylon  
  22  1:41  Probe  
  23  1:53  Warp Gate, Probe  
  24  2:02  Stalker  
  24  2:03  Sentry  
  24  2:06  Probe  
  29  2:09  Pylon  
  29  2:18  Probe  
  30  2:30  Probe  
  30  2:34  Sentry  
  30  2:36  Sentry  
  35  2:39  Phoenix  
  35  2:42  Probe  
  36  2:50  Shield Battery  
  35  2:54  Nexus  
  35  3:07  Robotics Facility  
  35  3:24  Pylon  
  35  3:28  Probe  
  36  3:34  Shield Battery  
  36  3:41  Stalker  
  36  3:45  Warp Prism  
  34  3:51  Probe  
  34  3:53  Forge  
  37  3:58  Sentry  
  39  4:03  Probe  
  39  4:06  Pylon  
  39  4:07  Probe  
  41  4:15  Probe  
  42  4:18  Immortal  
  42  4:19  Adept  
  42  4:21  Adept  
  50  4:32  Shield Battery  
  50  4:38  Gateway  
  50  4:42  Sentry  
  50  4:43  Sentry  
  54  4:49  Shield Battery  
  54  5:06  Stalker  
  56  5:07  Adept  
  56  5:08  Probe x2  
  56  5:10  Shield Battery  
  56  5:20  Immortal, Probe  
  46  5:28  Adept  
  45  5:39  Stalker x2  
  49  5:46  Probe  
  50  6:07  Probe x2  
  52  6:13  Adept  
  52  6:14  Adept  
  53  6:19  Probe  
  53  6:25  Shield Battery  
  53  6:27  Probe  
  53  6:31  Adept  
  53  6:32  Probe  
  56  6:38  Adept x2  
  56  6:39  Probe  
  60  6:42  Probe  
  60  6:47  Probe  
  60  6:50  Probe  
  61  6:54  Adept  
  61  6:56  Probe  
  61  6:58  Probe  
  68  7:17  Pylon  
  68  7:20  Pylon  
  62  7:37  Stalker  
  62  7:38  Stalker x2  
  64  7:54  Probe x2  
  68  8:02  Adept x3  
  66  8:06  Probe  
Show
View Real Time Build Order
Export as new Build Order

Cloudy Protoss 

Build Orders:  

Get SALT Encoding   

  12  0:01  Probe  
  13  0:13  Probe  
  14  0:18  Pylon  
  14  0:25  Probe  
  15  0:34  Probe  
  15  0:36  Gateway  
  15  0:42  Probe  
  17  0:50  Assimilator  
  17  0:52  Probe  
  17  0:56  Assimilator  
  18  1:01  Probe  
  18  1:09  Probe  
  19  1:14  Gateway  
  20  1:23  Cybernetics Core  
  20  1:25  Probe  
  21  1:33  Pylon  
  21  1:38  Probe  
  22  1:52  Probe  
  23  1:59  Warp Gate  
  23  2:02  Stalker  
  23  2:04  Probe  
  23  2:05  Stalker  
  28  2:19  Pylon  
  28  2:22  Pylon  
  28  2:32  Adept  
  28  2:36  Adept  
  32  2:42  Robotics Facility  
  32  3:05  Nexus  
  32  3:20  Immortal  
  32  3:24  Pylon  
  32  3:49  Warp Prism  
  32  3:50  Sentry x2  
  32  3:52  Gateway  
  38  4:04  Probe  
  39  4:16  Adept x2  
  43  4:23  Probe x2  
  44  4:31  Probe  
  45  4:33  Observer  
  45  4:35  Probe  
  45  4:37  Adept x2  
  52  4:39  Probe  
  53  4:49  Twilight Council  
  53  4:58  Adept  
  54  5:00  Adept  
  52  5:08  Probe x2  
  52  5:22  Adept x2  
  54  5:29  Probe x2  
  50  5:36  Immortal  
  50  5:40  Probe  
  51  5:47  Probe  
  51  5:48  Probe  
  53  6:03  Probe  
  53  6:04  Immortal  
  53  6:06  Probe  
  53  6:09  Resonating Glaives  
  45  6:15  Sentry x2, Probe  
  54  6:26  Observer  
  54  6:35  Gateway  
  54  6:39  Stalker x2  
  58  6:43  Probe x2  
  55  6:50  Gateway  
  55  6:55  Probe  
  55  6:56  Shield Battery  
  55  6:57  Shield Battery  
  56  7:03  Adept x2, Warp Prism  
  56  7:06  Pylon  
  60  7:14  Pylon  
  62  7:20  Pylon  
  62  7:32  Probe  
  62  7:33  Pylon  
  54  7:46  Adept x2  
  36  8:07  Adept x2  
Tags
 
Add a new tag
Caveats
  • Supply blocks, unpowered buildings, or Contaminate may cause inaccurate times.
  • Supply counts are checked every 10 seconds.